TOP OF THE 1ST |
Clearwater Threshers batting - Pitching for Lakeland Flying Tigers : RHP Adam Huemmer
|
Pitching: RHP Adam Huemmer
|
|
Batting: RHB Mark Schultz
|
0-0: Called Strike 0-1: Ball 1-1: Ball 2-1: Ground out 4-3 (Groundball, 4M, EV 99.4 MPH)
|
Batting: RHB Steve Jones
|
0-0: Called Strike 0-1: Ball 1-1: Foul Ball, location: 2F 1-2: Ball 2-2: Ball 3-2: Strikes out swinging
|
Batting: SHB Bob Dixon
|
0-0: Ball 1-0: Foul Ball, location: 2F 1-1: Ball 2-1: Swinging Strike 2-2: Strikes out looking
|
Top of the 1st over - 0 runs, 0 hits, 0 errors, 0 left on base; Clearwater 0 - Lakeland 0 |
BOTTOM OF THE 1ST |
Lakeland Flying Tigers batting - Pitching for Clearwater Threshers : RHP Chad Capaldi
|
Pitching: RHP Chad Capaldi
|
|
Batting: RHB Luke Feeney
|
0-0: Foul Ball, location: 2F 0-1: Ball 1-1: Foul Ball, location: 2F 1-2: DOUBLE (Line Drive, 8RXD, EV 101.9 MPH)
|
Batting: RHB Adam MacConnell
|
0-0: Called Strike 0-1: Ball 1-1: DOUBLE (Groundball, 3L, EV 108.8 MPH) Luke Feeney scores
|
Batting: LHB Frank McConnell
|
0-0: Called Strike 0-1: Foul Ball, location: 2F 0-2: Strikes out swinging
|
Batting: RHB John Evancho
|
0-0: Called Strike 0-1: Ball 1-1: Fly out, F6 (Line Drive, 6, EV 73.8 MPH) Lined into DP, 6-4 (Line Drive, 6, EV 75.6 MPH)
|
Bottom of the 1st over - 1 run, 2 hits, 0 errors, 0 left on base; Clearwater 0 - Lakeland 1 |
TOP OF THE 2ND |
Clearwater Threshers batting - Pitching for Lakeland Flying Tigers : RHP Adam Huemmer
|
Batting: RHB Victor Arroyo
|
0-0: Called Strike 0-1: Called Strike 0-2: Strikes out swinging
|
Batting: SHB Marco de Leon
|
0-0: Called Strike 0-1: Ball 1-1: Ball 2-1: Called Strike 2-2: Strikes out swinging
|
Batting: RHB Carlos Morejon
|
0-0: Foul Ball, location: 2F 0-1: Swinging Strike 0-2: Ball 1-2: Strikes out swinging
|
Top of the 2nd over - 0 runs, 0 hits, 0 errors, 0 left on base; Clearwater 0 - Lakeland 1 |
BOTTOM OF THE 2ND |
Lakeland Flying Tigers batting - Pitching for Clearwater Threshers : RHP Chad Capaldi
|
Batting: RHB Joel Miller
|
0-0: Fly out, F9 (Flyball, 89M, EV 99.4 MPH)
|
Batting: RHB Jon Goldstein
|
0-0: Foul Ball, location: 2F 0-1: Swinging Strike 0-2: Foul Ball, location: 2F 0-2: Ball 1-2: Ground out 5-3 (Groundball, 5, EV 82.5 MPH)
|
Batting: SHB Willie Medina
|
0-0: Ball 1-0: Ball 2-0: Ball 3-0: Base on Balls
|
Batting: RHB Jamie Villagrana
|
0-0: Ball 1-0: Fly out, F2 (Popup, 2LF, EV 96.2 MPH)
|
Bottom of the 2nd over - 0 runs, 0 hits, 0 errors, 1 left on base; Clearwater 0 - Lakeland 1 |
TOP OF THE 3RD |
Clearwater Threshers batting - Pitching for Lakeland Flying Tigers : RHP Adam Huemmer
|
Batting: RHB Jake Cox
|
0-0: Bunt missed! 0-1: Fly out, F7 (Flyball, 78M, EV 81.2 MPH)
|
Batting: RHB Vaclav Been
|
0-0: Ball 1-0: Swinging Strike 1-1: Swinging Strike 1-2: Ball 2-2: Ball 3-2: Foul Ball, location: 2F 3-2: Strikes out looking
|
Batting: LHB Rich Kuehne
|
0-0: Swinging Strike 0-1: Ball 1-1: Ball 2-1: Foul Ball, location: 2F 2-2: Strikes out swinging
|
Top of the 3rd over - 0 runs, 0 hits, 0 errors, 0 left on base; Clearwater 0 - Lakeland 1 |
BOTTOM OF THE 3RD |
Lakeland Flying Tigers batting - Pitching for Clearwater Threshers : RHP Chad Capaldi
|
Batting: LHB Afanasy Zasekin
|
0-0: Called Strike 0-1: Ground out 4-3 (Groundball, 13, EV 79.4 MPH)
|
Batting: RHB Luke Feeney
|
0-0: Swinging Strike 0-1: Called Strike 0-2: Ball 1-2: Foul Ball, location: 2F 1-2: Foul Ball, location: 2F 1-2: Strikes out swinging, 2-3 out at first.
|
Batting: RHB Adam MacConnell
|
0-0: Fly out, F9 (Flyball, 9S, EV 97.5 MPH)
|
Bottom of the 3rd over - 0 runs, 0 hits, 0 errors, 0 left on base; Clearwater 0 - Lakeland 1 |
TOP OF THE 4TH |
Clearwater Threshers batting - Pitching for Lakeland Flying Tigers : RHP Adam Huemmer
|
Batting: RHB Mark Schultz
|
0-0: Called Strike 0-1: Ball 1-1: Ball 2-1: Ball 3-1: Foul Ball, location: 2F 3-2: Foul Ball, location: 2F 3-2: Base on Balls
|
Batting: RHB Steve Jones
|
0-0: Called Strike Mark Schultz steals 2nd base (no throw) 0-1: Ball 1-1: Ball 2-1: Foul Ball, location: 2F 2-2: Foul Ball, location: 2F 2-2: Ball 3-2: Foul Ball, location: 2F 3-2: Foul Ball, location: 2F 3-2: Foul Ball, location: 2F 3-2: Strikes out swinging
|
Batting: SHB Bob Dixon
|
0-0: Ground out 4-3 (Groundball, 4M, EV 98.8 MPH) Mark Schultz to third
|
Batting: RHB Victor Arroyo
|
0-0: Swinging Strike 0-1: Ball 1-1: Foul Ball, location: 2F 1-2: Ball 2-2: Ball 3-2: Foul Ball, location: 2F 3-2: SINGLE (Groundball, 56D, EV 97.5 MPH) Mark Schultz scores
|
Batting: SHB Marco de Leon
|
0-0: Ball 1-0: Ball 2-0: Ball 3-0: Base on Balls Victor Arroyo to second
|
Batting: RHB Carlos Morejon
|
0-0: Swinging Strike 0-1: SINGLE (Groundball, 56D, EV 98.8 MPH) Victor Arroyo to third Marco de Leon to second Runner from 3rd tries for Home, throw by LF and OUT! 7-2
|
Top of the 4th over - 1 run, 2 hits, 0 errors, 2 left on base; Clearwater 1 - Lakeland 1 |
BOTTOM OF THE 4TH |
Lakeland Flying Tigers batting - Pitching for Clearwater Threshers : RHP Chad Capaldi
|
Batting: LHB Frank McConnell
|
0-0: Ball 1-0: Called Strike 1-1: Ball 2-1: Called Strike 2-2: Foul Ball, location: 2F 2-2: Foul Ball, location: 2F 2-2: Foul Ball, location: 2F 2-2: Ball 3-2: Base on Balls
|
Batting: RHB John Evancho
|
0-0: Foul Ball, location: 2F 0-1: Ball 1-1: Swinging Strike 1-2: Fly out, F9 (Flyball, 9D, EV 98.1 MPH)
|
Batting: RHB Joel Miller
|
0-0: Ball 1-0: Ball 2-0: Ball 3-0: Called Strike 3-1: Foul Ball, location: 2F 3-2: Strikes out swinging Frank McConnell is caught stealing 2nd base 2-4 Batter strikes out.
|
Bottom of the 4th over - 0 runs, 0 hits, 0 errors, 0 left on base; Clearwater 1 - Lakeland 1 |
TOP OF THE 5TH |
Clearwater Threshers batting - Pitching for Lakeland Flying Tigers : RHP Adam Huemmer
|
Batting: RHB Jake Cox
|
0-0: Called Strike 0-1: Swinging Strike 0-2: Ball 1-2: SINGLE (Groundball, 5S, EV 70.0 MPH) (infield hit)
|
Batting: RHB Vaclav Been
|
0-0: Called Strike 0-1: Ball 1-1: Ball 2-1: Foul Ball, location: 2F 2-2: Ball 3-2: Fly out, F6 (Line Drive, 6, EV 61.9 MPH)
|
Batting: LHB Rich Kuehne
|
0-0: Ball Jake Cox is caught stealing 2nd base 2-6 1-0: Ground out 4-3 (Groundball, 4, EV 109.4 MPH)
|
Top of the 5th over - 0 runs, 1 hit, 0 errors, 0 left on base; Clearwater 1 - Lakeland 1 |
BOTTOM OF THE 5TH |
Lakeland Flying Tigers batting - Pitching for Clearwater Threshers : RHP Chad Capaldi
|
Batting: RHB Jon Goldstein
|
0-0: Bunt for hit to 13S - play at first, batter safe!
|
Batting: SHB Willie Medina
|
0-0: Ball 1-0: SINGLE (Groundball, 34S, EV 75.0 MPH) (infield hit) Jon Goldstein to second
|
Batting: RHB Jamie Villagrana
|
0-0: Foul Ball, location: 2F 0-1: Called Strike 0-2: Ball 1-2: Ball 2-2: Strikes out looking
|
Batting: LHB Afanasy Zasekin
|
0-0: Foul Ball, location: 2F 0-1: Foul Ball, location: 2F 0-2: Ball 1-2: Foul Ball, location: 2F 1-2: Strikes out swinging
|
Batting: RHB Luke Feeney
|
0-0: Called Strike 0-1: Swinging Strike 0-2: Foul Ball, location: 2F 0-2: Foul Ball, location: 2F 0-2: Foul Ball, location: 2F 0-2: Strikes out swinging
|
Bottom of the 5th over - 0 runs, 2 hits, 0 errors, 2 left on base; Clearwater 1 - Lakeland 1 |
TOP OF THE 6TH |
Clearwater Threshers batting - Pitching for Lakeland Flying Tigers : RHP Adam Huemmer
|
Batting: RHB Mark Schultz
|
0-0: Swinging Strike 0-1: Swinging Strike 0-2: Strikes out swinging
|
Batting: RHB Steve Jones
|
0-0: Ground out 5-3 (Groundball, 56, EV 83.8 MPH)
|
Batting: SHB Bob Dixon
|
0-0: Called Strike 0-1: Fly out, F7 (Flyball, 7, EV 90.0 MPH)
|
Top of the 6th over - 0 runs, 0 hits, 0 errors, 0 left on base; Clearwater 1 - Lakeland 1 |
BOTTOM OF THE 6TH |
Lakeland Flying Tigers batting - Pitching for Clearwater Threshers : RHP Chad Capaldi
|
Batting: RHB Adam MacConnell
|
0-0: Ball 1-0: Hit by Pitch
|
Batting: LHB Frank McConnell
|
0-0: Called Strike 0-1: Foul Ball, location: 2F 0-2: Strikes out looking
|
Batting: RHB John Evancho
|
0-0: Fly out, F8 (Flyball, 78M, EV 75.0 MPH)
|
Batting: RHB Joel Miller
|
0-0: Ball 1-0: Swinging Strike 1-1: Ball 2-1: Ground out 4-3 (Groundball, 4, EV 79.4 MPH)
|
Bottom of the 6th over - 0 runs, 0 hits, 0 errors, 1 left on base; Clearwater 1 - Lakeland 1 |
TOP OF THE 7TH |
Clearwater Threshers batting - Pitching for Lakeland Flying Tigers : RHP Adam Huemmer
|
Batting: RHB Victor Arroyo
|
0-0: Swinging Strike 0-1: Swinging Strike 0-2: Ball 1-2: Ball 2-2: Strikes out swinging
|
Batting: SHB Marco de Leon
|
0-0: Called Strike 0-1: Called Strike 0-2: Foul Ball, location: 2F 0-2: Ball 1-2: Ball 2-2: Ball 3-2: Foul Ball, location: 2F 3-2: Fly out, F9 (Flyball, 9, EV 89.4 MPH)
|
Batting: RHB Carlos Morejon
|
0-0: Ball 1-0: Ball 2-0: Called Strike 2-1: Ground out 5-3 (Groundball, 56, EV 86.9 MPH)
|
Top of the 7th over - 0 runs, 0 hits, 0 errors, 0 left on base; Clearwater 1 - Lakeland 1 |
BOTTOM OF THE 7TH |
Lakeland Flying Tigers batting - Pitching for Clearwater Threshers : RHP Chad Capaldi
|
Batting: RHB Jon Goldstein
|
0-0: Called Strike 0-1: Ball 1-1: Foul Ball, location: 2F 1-2: Ball 2-2: DOUBLE (Line Drive, 7LD, EV 112.5 MPH)
|
Pitching: RHP Seizaburo Takahashi
|
|
Batting: SHB Willie Medina
|
0-0: SINGLE (Flyball, 9LS, EV 86.2 MPH) Jon Goldstein to third
|
Batting: RHB Jamie Villagrana
|
0-0: Called Strike 0-1: Ball 1-1: Ball 2-1: Fly out, F8 (Line Drive, 89M, EV 93.8 MPH) Runner from 3rd tags up, SCORES, throw by CF
|
Batting: LHB Afanasy Zasekin
|
0-0: Ball 1-0: Called Strike 1-1: Foul Ball, location: 2F 1-2: Ball 2-2: Grounds into double play, 4-6-3 (Groundball, 4, EV 80.6 MPH)
|
Bottom of the 7th over - 1 run, 2 hits, 0 errors, 0 left on base; Clearwater 1 - Lakeland 2 |
TOP OF THE 8TH |
Clearwater Threshers batting - Pitching for Lakeland Flying Tigers : RHP Adam Huemmer
|
Pitching: RHP Cameron Maxwell
|
|
Now in LF: Joe Zimmerman
|
|
Now in CF: Brandon O'Malley
|
|
Now in RF: Luke Feeney
|
|
Batting: RHB Jake Cox
|
0-0: Hit by Pitch
|
Batting: RHB Vaclav Been
|
0-0: Called Strike 0-1: Ball 1-1: Ball 2-1: Foul Ball, location: 2F 2-2: Foul Ball, location: 2F 2-2: Ball 3-2: Foul Ball, location: 2F 3-2: Foul Ball, location: 2F 3-2: Base on Balls Jake Cox to second
|
Batting: LHB Rich Kuehne
|
0-0: Swinging Strike 0-1: Ball 1-1: Foul Ball, location: 2F 1-2: Ball 2-2: Strikes out looking
|
Batting: RHB Mark Schultz
|
0-0: Ball 1-0: Called Strike 1-1: Swinging Strike 1-2: Strikes out swinging
|
Pinch Hitting: SHB Brett St. Clair
|
0-0: Called Strike 0-1: Called Strike 0-2: Ball 1-2: Ground out U3 (Groundball, 3, EV 81.9 MPH)
|
Top of the 8th over - 0 runs, 0 hits, 0 errors, 2 left on base; Clearwater 1 - Lakeland 2 |
BOTTOM OF THE 8TH |
Lakeland Flying Tigers batting - Pitching for Clearwater Threshers : RHP Seizaburo Takahashi
|
Now at 3B: Allen Deschamps
|
|
Batting: RHB Luke Feeney
|
0-0: Ball 1-0: Foul Ball, location: 2F 1-1: Ball 2-1: SINGLE (Line Drive, 4D, EV 98.1 MPH)
|
Batting: RHB Adam MacConnell
|
0-0: Ball 1-0: Called Strike 1-1: Ball 2-1: Called Strike 2-2: Foul Ball, location: 2F 2-2: Foul Ball, location: 2F 2-2: Grounds into double play, 4-6-3 (Groundball, 4, EV 83.8 MPH)
|
Batting: LHB Frank McConnell
|
0-0: Ball 1-0: Ball 2-0: Ball 3-0: Called Strike 3-1: Base on Balls
|
Pitching: RHP Ben Clayton
|
|
Batting: RHB John Evancho
|
0-0: Ball 1-0: Ball 2-0: Ball 3-0: Ground out 1-3 (Groundball, 34S, EV 66.2 MPH)
|
Bottom of the 8th over - 0 runs, 1 hit, 0 errors, 1 left on base; Clearwater 1 - Lakeland 2 |
TOP OF THE 9TH |
Clearwater Threshers batting - Pitching for Lakeland Flying Tigers : RHP Cameron Maxwell
|
Batting: SHB Bob Dixon
|
0-0: Called Strike 0-1: Swinging Strike 0-2: Ball 1-2: Foul Ball, location: 2F 1-2: Foul Ball, location: 2F 1-2: Ball 2-2: Ball 3-2: Fly out, F6 (Popup, 6, EV 78.1 MPH)
|
Batting: RHB Victor Arroyo
|
0-0: Called Strike 0-1: Foul Ball, location: 2F 0-2: Ball 1-2: Foul Ball, location: 2F 1-2: Strikes out swinging
|
Pitching: LHP Jesse Turner
|
|
Batting: SHB Marco de Leon
|
0-0: Called Strike 0-1: Ball 1-1: Called Strike 1-2: Ball 2-2: Strikes out swinging
|
Top of the 9th over - 0 runs, 0 hits, 0 errors, 0 left on base; Clearwater 1 - Lakeland 2 |
|